Workbook
Name MI: 'PPTO PROPUESTA'!#REF!,'PPTO PROPUESTA'!#REF!,'PPTO PROPUESTA'!#REF!,'PPTO PROPUESTA'!#REF!,'PPTO PROPUESTA'!#REF!,'PPTO PROPUESTA'!#REF!,'PPTO PROPUESTA'!#REF!
Name MI: PRESUPUESTO!$C$232,PRESUPUESTO!$C$235,PRESUPUESTO!$C$230,PRESUPUESTO!$C$228,PRESUPUESTO!$C$227,PRESUPUESTO!$C$75,PRESUPUESTO!$C$76
Name MI: 'PROPUESTA ECONOMICA'!#REF!,'PROPUESTA ECONOMICA'!#REF!,'PROPUESTA ECONOMICA'!#REF!,'PROPUESTA ECONOMICA'!#REF!,'PROPUESTA ECONOMICA'!#REF!,'PROPUESTA ECONOMICA'!#REF!,'PROPUESTA ECONOMICA'!#REF!
Name ML: 'PPTO PROPUESTA'!#REF!,'PPTO PROPUESTA'!#REF!,'PPTO PROPUESTA'!#REF!,'PPTO PROPUESTA'!#REF!,'PPTO PROPUESTA'!#REF!,'PPTO PROPUESTA'!#REF!,'PPTO PROPUESTA'!#REF!
Name ML: PRESUPUESTO!$C$232,PRESUPUESTO!$C$235,PRESUPUESTO!$C$230,PRESUPUESTO!$C$228,PRESUPUESTO!$C$227,PRESUPUESTO!$C$75,PRESUPUESTO!$C$76
Name ML: 'PROPUESTA ECONOMICA'!#REF!,'PROPUESTA ECONOMICA'!#REF!,'PROPUESTA ECONOMICA'!#REF!,'PROPUESTA ECONOMICA'!#REF!,'PROPUESTA ECONOMICA'!#REF!,'PROPUESTA ECONOMICA'!#REF!,'PROPUESTA ECONOMICA'!#REF!

Sheet PRESUPUESTO RESUMIDO
A1: =ROTULOS!A1 -> MANTENIMIENTO, MEJORAMIENTO Y ADECUACIÓN DE LA SEDE EDUCATIVA PRIMAVERA DEL MUNICIPIO DE SALADOBLANCO DEPARTAMENTO DEL HUILA
A2: =ROTULOS!A2 -> PRESUPUESTO DE OBRA
A3: =ROTULOS!A3 -> 0
A4: ITEM | B4: CUBS | C4: ACTIVIDAD | D4: UND | E4: VR. UNT. | F4: CANT. | G4: VR. PARCIAL
B5: 1 | C5: PRELIMINARES
B6: 3.3.1.6.0 | C6: Localización y replanteo topografico | D6: M2 | E6: =#REF! -> #REF! | G6: =E6*F6 -> #REF!
B7: 3,3.1,6,0 | C7: =+#REF! -> #REF! | D7: M2 | E7: =+#REF! -> #REF! | G7: =E7*F7 -> #REF!
B8: 3.3.1.6.0 | C8: =+#REF! -> #REF! | D8: =+#REF! -> #REF! | E8: =+#REF! -> #REF! | G8: =E8*F8 -> #REF!
B9: 3.3.1.2.2 | C9: =+#REF! -> #REF! | D9: M2 | E9: =#REF! -> #REF! | G9: =E9*F9 -> #REF!
B11: 2 | C11: DEMOLICIONES Y DESMONTE DE ELEMENTOS
B12: 3.3.1.1.8 | C12: Demolición muros e-0.15m, con retiro | D12: M2 | E12: =#REF! -> #REF! | G12: =E12*F12 -> #REF!
B13: 3.3.1.1.7 | C13: Demolición muros e=0.25m, con retiro | D13: M2 | E13: =#REF! -> #REF! | G13: =E13*F13 -> #REF!
B14: 3.3-1.1.0 | C14: Demolición de enchape y revoque, con retiro | D14: M2 | E14: =#REF! -> #REF! | G14: =E14*F14 -> #REF!
B15: 3.3.1.1.12 | C15: Demolición placa de piso concreto e=0.10m, incluye retiro | D15: M2 | E15: =#REF! -> #REF! | G15: =E15*F15 -> #REF!
B16: 3.3.1.1.0 | C16: Demolición mecánica placa concreto e = .20m, incluye retiro | D16: M2 | E16: =#REF! -> #REF! | G16: =E16*F16 -> #REF!
B17: 3.3.1.1.0 | C17: =+#REF! -> #REF! | D17: M2 | E17: =#REF! -> #REF! | G17: =E17*F17 -> #REF!
B18: 3.3.1.1.0 | C18: Retiro de escombros hasta 3Km | D18: M3 | E18: =#REF! -> #REF! | G18: =E18*F18 -> #REF!
B19: 3.3.1.1.0 | C19: Demolición mecánica de concreto ciclópeo | D19: M3 | E19: =#REF! -> #REF! | G19: =E19*F19 -> #REF!
B20: 3.3.1.1.0 | C20: Demolición mecánica viga concreto armado | D20: M3 | E20: =#REF! -> #REF! | G20: =E20*F20 -> #REF!
B21: 3.3.1.1.2 | C21: =+#REF! -> #REF! | D21: =+#REF! -> #REF! | E21: =#REF! -> #REF! | G21: =E21*F21 -> #REF!
B22: 3.3.1.1.3 | C22: =+#REF! -> #REF! | D22: =+#REF! -> #REF! | E22: =+#REF! -> #REF! | G22: =E22*F22 -> #REF!
C23: Desmonte de cielo falso en madera,incluye desmonte de estructura en madera y retiro de escombros | D23: M2 | E23: =#REF! -> #REF! | G23: =E23*F23 -> #REF!
C24: Desmonte de cubierta en teja de barro ,incluye desmonte de estructura en madera y retiro de escombros | D24: M2 | E24: =#REF! -> #REF! | G24: =E24*F24 -> #REF!
B25: 3.3.1.1.0 | C25: Desmonte cubierta teja de zinc con estructura | D25: M2 | E25: =#REF! -> #REF! | G25: =E25*F25 -> #REF!
B27: 3 | C27: MOVIMIENTO DE TIERRA
B28: 3.3.2.2.0 | C28: Excavación manual con retiro hasta h=2,9m | D28: M3 | E28: =#REF! -> #REF! | G28: =E28*F28 -> #REF!
B29: 3.3.2.2.0 | C29: Excavación mecánica con retiro | D29: M3 | E29: =#REF! -> #REF! | G29: =E29*F29 -> #REF!
B30: 3.3.2.2.0 | C30: Excavación en roca | D30: M3 | E30: =#REF! -> #REF! | G30: =E30*F30 -> #REF!
B31: 3.3.2.1.2 | C31: Explanación con retiro | D31: M3 | E31: =#REF! -> #REF! | G31: =E31*F31 -> #REF!
B32: 3.3.2.1.0 | C32: Explanación corte extendida | D32: M3 | E32: =#REF! -> #REF! | G32: =E32*F32 -> #REF!
B33: 3.3.2.6.0 | C33: Relleno compactado con material de sitio | D33: M3 | E33: =#REF! -> #REF! | G33: =E33*F33 -> #REF!
B35: 4 | C35: CIMIENTOS
B36: 3.3.6.1.0 | C36: =+#REF! -> #REF! | D36: =+#REF! -> #REF! | E36: =+#REF! -> #REF! | G36: =E36*F36 -> #REF!
B37: 3.3.6.3.0 | C37: =+#REF! -> #REF! | D37: =+#REF! -> #REF! | E37: =+#REF! -> #REF! | G37: =E37*F37 -> #REF!
B38: 3.3.6.3.0 | C38: Concreto muro de contención 3000 PSI | D38: M3 | E38: =#REF! -> #REF! | G38: =E38*F38 -> #REF!
B39: 3.3.6.1.4 | C39: Cimentacion tipo zapatas en concreto de 3000 P.S.I | D39: M3 | E39: =#REF! -> #REF! | G39: =E39*F39 -> #REF!
B40: 3.3.6.1.0 | C40: Cimentacion tipo viga de amarre, concreto 3000 psi. 0.25x0.25, Incluye acero | D40: ML | E40: =#REF! -> #REF! | G40: =E40*F40 -> #REF!
B41: 3.3.6.1.0 | C41: Cimentacion tipo viga de amarre, concreto 3000 psi. 0.15x0.25, Incluye acero | D41: ML | E41: =#REF! -> #REF! | G41: =E41*F41 -> #REF!
B42: 3.3.6.1.0 | C42: Cimentacion tipo viga de amarre, concreto 3000 psi. 0.30x0.30, Incluye acero (4No.5, E-3/8" C/0,20m) | D42: ML | E42: =#REF! -> #REF! | G42: =E42*F42 -> #REF!
B43: 3.3.6.1.12 | C43: Cimentacion tipo viga de amarre, concreto 3000 psi. | D43: M3 | E43: =#REF! -> #REF! | G43: =E43*F43 -> #REF!
B44: 3.3.6.1.0 | C44: Cimentacion tipo solado de limpieza concreto 1700 psi. | D44: M3 | E44: =#REF! -> #REF! | G44: =E44*F44 -> #REF!
B45: 3.3.6.1.0 | C45: Cimentacion tipo solado de limpieza concreto 1700 psi e=0,05m | D45: =+#REF! -> #REF! | E45: =+#REF! -> #REF! | G45: =E45*F45 -> #REF!
B47: 5 | C47: MAMPOSTERIA
C48: Muro en ladrillo tolete comun e=0,07m | D48: M2 | E48: =#REF! -> #REF! | G48: =E48*F48 -> #REF!
B49: 3.3.4.2.1 | C49: Muro ladrillo tolete común e=0.12m | D49: M2 | E49: =#REF! -> #REF! | G49: =E49*F49 -> #REF!
B50: 3.3.4.2.2 | C50: Muro ladrillo tolete común e=0.25m | D50: M2 | E50: =#REF! -> #REF! | G50: =E50*F50 -> #REF!
B51: 3.3.4.0.0. | C51: Muro en bloque de cemento e=0.15m | D51: M2 | E51: =#REF! -> #REF! | G51: =E51*F51 -> #REF!
B52: 3.3.4.3.1 | C52: Muro ladrillo prensado e=0.12m rejilla santafé, visto por dos caras | D52: M2 | E52: =#REF! -> #REF! | G52: =E52*F52 -> #REF!
B53: 3.3.4.1.17 | C53: Muro ladrillo prensado e=0.12m de ladrillera, visto por dos caras | D53: M2 | E53: =#REF! -> #REF! | G53: =E53*F53 -> #REF!
B54: 3.3.4.0.0 | C54: Muro ladrillo semiprensado e-0.12 de ladrillera, visto una cara | D54: M2 | E54: =#REF! -> #REF! | G54: =E54*F54 -> #REF!
B55: 3.3.4.4.3 | C55: Bloque de arcilla No . 4 e-0.20m | D55: M2 | E55: =#REF! -> #REF! | G55: =E55*F55 -> #REF!
B56: 3.3.4.4.2 | C56: Bloque de arcilla No. 5 e-0.12m (12x20x30) | D56: M2 | E56: =#REF! -> #REF! | G56: =E56*F56 -> #REF!
B57: 3.3.4.8.1 | C57: Alfajia en concreto 3000 PSI, e= 0.15x0.25 incluye acero de refuerzo de 60000 P.S.I (2Ø3/8" refuerzo y E=Ø1/4" c. 0,20 m) | D57: ML | E57: =#REF! -> #REF! | G57: =E57*F57 -> #REF!
B58: 3.3.4.8.2 | C58: Alfajia en ladrillo a la vista | D58: ML | E58: =#REF! -> #REF! | G58: =E58*F58 -> #REF!
B59: 3.3.6.0.0 | C59: Mesón en concreto 3.000PSI, a=0.60m, e=0.10m, enchapado | D59: ML | E59: =#REF! -> #REF! | G59: =E59*F59 -> #REF!
B60: 3.3.6.0.0 | C60: Mesón en concreto 0.60m, revestido granito | D60: ML | E60: =#REF! -> #REF! | G60: =E60*F60 -> #REF!
... B63: 3.3.4.4.1 | C63: Muro de arcilla No 4 E=0.10m | D63: M2 | E63: =#REF! -> #REF! | G63: =E63*F63 -> #REF!
B65: 6 | C65: ESTRUCTURA
B66: 3.3.6.8.0 | C66: Acero de refuerzo de 37000 P.S.I | D66: Kg | E66: =#REF! -> #REF! | G66: =E66*F66 -> #REF!
B67: 3.3.6.8.2 | C67: Acero de refuerzo de 60000 P.s.I | D67: Kg | E67: =#REF! -> #REF! | G67: =E67*F67 -> #REF!
B68: 3.3.6.2.1 | C68: Concreto para escaleras de 3000 P.S.I | D68: M3 | E68: =#REF! -> #REF! | G68: =E68*F68 -> #REF!
B69: 3.3.6.4.3 | C69: Muro para tanque en concreto armado de 3000 P.S.I e=0.25m | D69: M3 | E69: =#REF! -> #REF! | G69: =E69*F69 -> #REF!
B70: 3.3.6.4.2 | C70: Placa para tapa de tanque en concreto armado de 3000 P.S.I e=0.25m | D70: M3 | E70: =#REF! -> #REF! | G70: =E70*F70 -> #REF!
B71: 3.3.6.4.1 | C71: Placa para fondo de tanque en concreto armado de 3000 P.S.I e=0.15m / | D71: M3 | E71: =#REF! -> #REF! | G71: =E71*F71 -> #REF!
B72: 3.3.6.0.0 | C72: Junta en p.v.c base tanque | D72: ML | E72: =#REF! -> #REF! | G72: =E72*F72 -> #REF!
B73: 3.3.6.0.0 | C73: Placa aligerada con casetón (0.30m), incluye acero temperatura y malla cíelorao | D73: M2 | E73: =#REF! -> #REF! | G73: =E73*F73 -> #REF!
B74: 3.3.6.0.0 | C74: Placa aligerada con casetón (0.45m), incluye acero temperatura y malla cieloraso | D74: M2 | E74: =#REF! -> #REF! | G74: =E74*F74 -> #REF!
B75: 3.3.6.0.0 | C75: Placa aligerada con casetón (0.50m), incluye acero temperatura y malla cieloraso | D75: =+#REF! -> #REF! | E75: =+#REF! -> #REF! | G75: =E75*F75 -> #REF!
B76: 3.3.6.0.0 | C76: Placa Steel-deck (a-0.09 mm) | D76: M2 | E76: =#REF! -> #REF! | G76: =E76*F76 -> #REF!
B77: 3.3.6.5.2 | C77: Placa Aerea,maciza, en concreto de 3.000PSI, e-0.15m | D77: M2 | E77: =#REF! -> #REF! | G77: =E77*F77 -> #REF!
B78: 3.3.4.7.0 | C78: Dintel en concreto 0.15x0.12m, incl. acero | D78: ML | E78: =#REF! -> #REF! | G78: =E78*F78 -> #REF!
B79: 3.3.6.7.0 | C79: Viga en concreto 0.30x0.12m, incl. acero | D79: ML | E79: =#REF! -> #REF! | G79: =E79*F79 -> #REF!
B80: 3.3.6.7.0 | C80: Viga en concreto 0.30x0.30m,3000 PSI, incluye acero (4No5-E 3/8" C/ 0.15) | D80: ML | E80: =#REF! -> #REF! | G80: =E80*F80 -> #REF!
B81: 3.3.6.7.0 | C81: Viga en concreto 0.25x0.25m,3000 PSI, incluye acero (4No5-E 3/8" C/ 0.15) | D81: ML | E81: =#REF! -> #REF! | G81: =E81*F81 -> #REF!
B82: 3.3.6.7.2 | C82: Viga en concreto de 3000 P.S.I | D82: M3 | E82: =#REF! -> #REF! | G82: =E82*F82 -> #REF!
B83: 3.3.6.7.6 | C83: Viga canal en concreto 3000 P.S.I | D83: M3 | E83: =#REF! -> #REF! | G83: =E83*F83 -> #REF!
B84: 3.3.6.6.0 | C84: Columna en concreto 0.30x0.30m, 3000PSI | D84: ML | E84: =#REF! -> #REF! | G84: =E84*F84 -> #REF!
B85: 3.3.6.6.0 | C85: Columna en concreto 0.30x0.30m, 3000PSI, incluye refuerzo (4No5-E 3/8" C/ 0.15) | D85: ML | E85: =#REF! -> #REF! | G85: =E85*F85 -> #REF!
B86: 3.3.6.6.0 | C86: Columna en concreto 0.30x0.40m, 3000PSI, incluye refuerzo (6No5-E 3/8" C/ 0.15) para Tanque | D86: ML | E86: =#REF! -> #REF! | G86: =E86*F86 -> #REF!
B87: 3.3.6.6.1 | C87: Columna en concreto de 3000 P.S.I | D87: M3 | E87: =#REF! -> #REF! | G87: =E87*F87 -> #REF!
B88: 3.3.6.6.0 | C88: Columneta concreto 0.20x0.12m, incl. acero (4No4-E 3/8" C/ 0.15) | D88: ML | E88: =#REF! -> #REF! | G88: =E88*F88 -> #REF!
B89: 3.3.6.6.0 | C89: Columneta concreto 0.25x0.12m, incl. acero (4No4-E 3/8" C/ 0.15) | D89: ML | E89: =+#REF! -> #REF! | G89: =E89*F89 -> #REF!
B90: 3.3.6.6.0 | C90: Columneta concreto 0.30x0.12m, incl. acero (4No4-E 3/8" C/ 0.15) | D90: ML | E90: =#REF! -> #REF! | G90: =E90*F90 -> #REF!
B91: 3.3.6.7.0 | C91: Viga culata 0.12x0.10m, incl. Acero (2-3/8",E-1/4" c/,20) | D91: ML | E91: =#REF! -> #REF! | G91: =E91*F91 -> #REF!
B92: 3.3.6.7.0 | C92: Viga culata 0.12x0.10m, incl. Acero (2No.4,E-3/8" c/,20) | D92: ML | E92: =#REF! -> #REF! | G92: =E92*F92 -> #REF!
B93: 3.3.6.7.0 | C93: Viga de confinamiento de muros 0.20x0.12m, incluye acero (4-E 3/8",E 1/4" C/ 0.15) | D93: ML | E93: =#REF! -> #REF! | G93: =E93*F93 -> #REF!
B94: 3.3.6.6.0 | C94: Columna perfil metálico doble cal 16 | D94: ML | E94: =#REF! -> #REF! | G94: =E94*F94 -> #REF!
B95: 3.3.6.6.0 | C95: Columna metálica en ángulo | D95: ML | E95: =#REF! -> #REF! | G95: =E95*F95 -> #REF!
B96: 3.3.6.6.0 | C96: Columna en tubo 2" y varilla 5/8", pórtico de 18 mts de luz | D96: ML | E96: =#REF! -> #REF! | G96: =E96*F96 -> #REF!
B98: 7 | C98: INSTALACIONES ELÉCTRICAS
B99: 3.3.13.0.0. | C99: Acometida Electrica Iluminacion monofasica | D99: UN | E99: =+#REF! -> #REF! | G99: =E99*F99 -> #REF!
C100: Salida parcial monofásica tablero 2 circuitos, Incluye tablero y Breakers | D100: UN | E100: =#REF! -> #REF! | G100: =E100*F100 -> #REF!
B101: 3.3.13.0.0. | C101: =+#REF! -> #REF! | D101: =+#REF! -> #REF! | E101: =+#REF! -> #REF! | G101: =E101*F101 -> #REF!
B102: 3.3.13.0.0. | C102: Salida parcial hasta 30m | D102: UN | E102: =#REF! -> #REF! | G102: =E102*F102 -> #REF!
B103: 3.3.13.0.0 | C103: Salida parcial hasta 60m | D103: UN | E103: =#REF! -> #REF! | G103: =E103*F103 -> #REF!
C104: Cable concentrico monofasico | D104: ML | E104: =#REF! -> #REF! | G104: =E104*F104 -> #REF!
B105: 3.3.13.0.0 | C105: Tablero de automáticos 12 circuitos | D105: UN | E105: =#REF! -> #REF! | G105: =E105*F105 -> #REF!
B106: 3.3.13.0.0 | C106: Tablero de automáticos 4 circuitos | D106: UN | E106: =#REF! -> #REF! | G106: =E106*F106 -> #REF!
B107: 3.3.13.0.0 | C107: Salida bifásica | D107: UN | E107: =#REF! -> #REF! | G107: =E107*F107 -> #REF!
B108: 3.3.13.0.0 | C108: Salida toma corriente doble 110v | D108: UN | E108: =#REF! -> #REF! | G108: =E108*F108 -> #REF!
...

Sheet PPTO PROPUESTA
A1: FORMATO No. 06
A2: OFERTA ECONOMICA
A4: SELECCIÓN ABREVIADA MC No. 003 de 2023
A6: Objeto: MANTENIMIENTO, MEJORAMIENTO Y ADECUACIÓN DE LAS DIFERENTES SEDES EDUCATIVAS DEL MUNICIPIO DE SALADOBLANCO DEPARTAMENTO DEL HUILA
A8: LISTA DE CANTIDADES Y PRECIOS
A10: ITEM | B10: ACTIVIDAD | C10: UN | D10: VR. UNT. | E10: CANT. | F10: VR. PARCIAL
B11: INSTITUCION EDUCATIVA GRAMALOTE
A12: 1 | B12: DEMOLICIONES Y DESMONTE DE ELEMENTOS
A13: =A12+0.1 -> 1.1 | B13: Desmonte de cubiertas (asbesto cemento) | C13: M2 | D13: =#REF! -> #REF! | E13: 198.05 | F13: =ROUND((D13*E13),0) -> #REF!
A14: 2 | B14: INSTALACIONES ELÉCTRICAS
A15: =A14+0.1 -> 2.1 | B15: Acometida Eléctrica Cable Cu 3x8+1x10awg Ø1 Pvc | C15: ML | D15: 85000 | E15: 20 | F15: =ROUND((D15*E15),0) -> 1700000 | H15: =E15+E47+E65 -> 60 | I15: =22+20+20 -> 62
A16: =A15+0.1 -> 2.2 | B16: Suministro e Instalación de Salida toma corriente doble 110v | C16: UN | D16: =#REF! -> #REF! | E16: 5 | F16: =ROUND((D16*E16),0) -> #REF! | H16: =E16+E48+#REF!+E66 -> #REF! | I16: =209+14 -> 223
A17: =A16+0.1 -> 2.3 | B17: Suministro e Instalación de Lampara Led * 18 W De Techo. | C17: UN | D17: =#REF! -> #REF! | E17: 14 | F17: =ROUND((D17*E17),0) -> #REF! | H17: =E17+E49+#REF!+E67 -> #REF! | I17: =18+20+11 -> 49
A18: =A17+0.1 -> 2.4 | B18: Tubería Emt 1/2" (Incluye 2 Cable Cobre Thhn/Thwn-2 90°C 600v 12awg + 1 Cable Cobre Thhn/Thwn-2 90°C 600v 14awg). | C18: ML | D18: =+#REF! -> #REF! | E18: 40.5 | F18: =ROUND((D18*E18),0) -> #REF! | H18: =E18+E50+#REF!+E68 -> #REF!
A19: =A18+0.1 -> 2.5 | B19: Instalacion salida interruptor Sencillo 110 V | C19: UN | D19: =+#REF! -> #REF! | E19: 5 | F19: =ROUND((D19*E19),0) -> #REF! | H19: =E19+E51+#REF!+E69 -> #REF!
A20: 7.22 | B20: Lampara a prueba de agua tipo tortuga (Tatiana) | C20: UN | D20: =#REF! -> #REF! | E20: =+'MEMORIA DE CANTIDADES'!H$936 -> 0 | F20: =D20*E20 -> #REF!
A21: 3 | B21: INSTALACIONES HIDROSANITARIAS-RED CONTRAINCENDIOS
A22: =A21+0.1 -> 3.1 | B22: Revision Hidrosanitaria | C22: UN | D22: 400000 | E22: 1 | F22: =ROUND((D22*E22),0) -> 400000
A23: =A22+0.1 -> 3.2 | B23: Suministro e Instalación de Tubería Sanitaria de 3" Para B.A.Ll. Incluye Todo lo necesario para el correcto desarrollo de la actividad. | C23: ML | D23: =#REF! -> #REF! | E23: 16 | F23: =ROUND((D23*E23),0) -> #REF!
A24: 4 | B24: CUBIERTA Y ESTRUCTURA DE CUBIERTA | J24: =I25/6 -> 265 | L24: =J24*K25 -> 3071.35
A25: =A24+0.1 -> 4.1 | B25: Suministro e instalación de Caballete en teja con trapecios, valles h=35mm cal.28, color, 1080 mm ancho total, incluye tornillos fijadores. | C25: ML | D25: =+#REF! -> #REF! | E25: 23 | F25: =ROUND((D25*E25),0) -> #REF! | H25: =E27+E55+E76 -> 2027.48 | I25: =206+26+216+252+809+81 -> 1590 | J25: =1500/6 -> 250 | K25: 11.59 | L25: =J25*K25 -> 2897.5
A26: =A25+0.1 -> 4.2 | B26: Suministro e Instalación en teja Arquitectonica Color-CAL. 30 | C26: M2 | D26: =#REF! -> #REF! | E26: =Cant!E8 -> 198.05 | F26: =ROUND((D26*E26),0) -> #REF! | H26: =E26+E54+E75+E95 -> 854.6 | I26: =148.96+29.37+60+135+250+939.94+77 -> 1640.27
A27: =A26+0.1 -> 4.3 | B27: Estructura Metálica para Teja Arquitectonica | C27: Kg | D27: =#REF! -> #REF! | E27: 680.5 | F27: =ROUND((D27*E27),0) -> #REF! | H27: =E25+E53+E74 -> 65 | I27: =15+21+53.12 -> 89.12
A28: =A27+0.1 -> 4.4 | B28: Instalación de Canal en lámina galvanizada cal. 22; ds=50 | C28: ML | D28: =+#REF! -> #REF! | E28: 46 | F28: =ROUND((D28*E28),0) -> #REF! | H28: =E28 -> 46 | K28: =SUM(#REF!) -> #REF! | L28: =K28/D27 -> #REF!
A29: 5 | B29: ACABADOS
A30: =A29+0.1 -> 5.1 | B30: Reparación de Filos y Carteras de Cumbrera | C30: ML | D30: 20500 | E30: 97.8 | F30: =ROUND((D30*E30),0) -> 2004900
A31: =A30+0.1 -> 5.2 | B31: Suministro e instalación de cielo raso blanco en PVC. (El gravado o detalle del material esta sujeto a aprobación del supervisor). | C31: M2 | D31: =#REF! -> #REF! | E31: 9 | F31: =ROUND((D31*E31),0) -> #REF! | H31: =E31 -> 9
A32: 6 | B32: TRANSPORTE DE MATERIAL
A33: =A32+0.1 -> 6.1 | B33: Transporte de materiales de construcción al sitio de las obras, en zona rural de dificil acceso. | C33: Viaje | D33: =#REF! -> #REF! | E33: 2 | F33: =ROUND((D33*E33),0) -> #REF!
C34: TOTAL COSTOS DIRECTOS GRAMALOTE | F34: =SUM(F12:F33) -> #REF! | K34: 40666509
B35: INSTITUCION EDUCATIVA CHAVARRO
A36: 1 | B36: PINTURA GENERAL
A37: =A36+0.1 -> 1.1 | B37: Estuco y pintura vinilo muros II manos | C37: M2 | D37: =#REF! -> #REF! | E37: 1810 | F37: =ROUND((D37*E37),0) -> #REF! | H37: =921+330+122+25+396 -> 1794
A38: =A37+0.1 -> 1.2 | B38: Suministro y Aplicación de Esmalte sobre marcos lámina | C38: UN | D38: =#REF! -> #REF! | E38: 13 | F38: =ROUND((D38*E38),0) -> #REF!
A39: =A38+0.1 -> 1.3 | B39: Suministro y Aplicación de Pintura esmalte ventaneria metálica | C39: M2 | D39: =#REF! -> #REF! | E39: 245.07 | F39: =ROUND((D39*E39),0) -> #REF! | H39: =194+42+24+19+25+2+28+32+184 -> 550
A40: 2 | B40: TRANSPORTE DE MATERIAL
A41: =A40+0.1 -> 2.1 | B41: Transporte de materiales de construcción al sitio de las obras, en zona rural de dificil acceso. | C41: Viaje | D41: =#REF! -> #REF! | E41: 1 | F41: =ROUND((D41*E41),0) -> #REF!
C42: TOTAL COSTOS DIRECTOS CHAVARRO | F42: =SUM(F36:F41) -> #REF!
B43: INSTITUCION EDUCATIVA EL ALTO
A44: 1 | B44: DEMOLICIONES Y DESMONTE DE ELEMENTOS
A45: =A44+0.1 -> 1.1 | B45: Desmonte de cubiertas (asbesto cemento) | C45: M2 | D45: =#REF! -> #REF! | E45: =20*9.8 -> 196 | F45: =ROUND((D45*E45),0) -> #REF!
A46: 2 | B46: INSTALACIONES ELÉCTRICAS
A47: =A46+0.1 -> 2.1 | B47: Acometida Eléctrica Cable Cu 3x8+1x10awg Ø1 Pvc | C47: ML | D47: =#REF! -> #REF! | E47: 20 | F47: =ROUND((D47*E47),0) -> #REF!
A48: =A47+0.1 -> 2.2 | B48: Suministro e Instalación de Salida toma corriente doble 110v | C48: UN | D48: =#REF! -> #REF! | E48: 6 | F48: =ROUND((D48*E48),0) -> #REF!
A49: =A48+0.1 -> 2.3 | B49: Suministro e Instalación de Lampara Led * 18 W De Techo. | C49: UN | D49: =#REF! -> #REF! | E49: 6 | F49: =ROUND((D49*E49),0) -> #REF!
A50: =A49+0.1 -> 2.4 | B50: Tubería Emt 1/2" (Incluye 2 Cable Cobre Thhn/Thwn-2 90°C 600v 12awg + 1 Cable Cobre Thhn/Thwn-2 90°C 600v 14awg). | C50: ML | D50: =#REF! -> #REF! | E50: 40.5 | F50: =ROUND((D50*E50),0) -> #REF!
A51: =A50+0.1 -> 2.5 | B51: Instalacion salida interruptor Sencillo 110 V | C51: UN | D51: =#REF! -> #REF! | E51: 3 | F51: =ROUND((D51*E51),0) -> #REF!
A52: 3 | B52: CUBIERTA Y ESTRUCTURA DE CUBIERTA
A53: =A52+0.1 -> 3.1 | B53: Suministro e instalación de Caballete en teja con trapecios, valles h=35mm cal.28, color, 1080 mm ancho total, incluye tornillos fijadores. | C53: ML | D53: =#REF! -> #REF! | E53: 20 | F53: =ROUND((D53*E53),0) -> #REF!
A54: =A53+0.1 -> 3.2 | B54: Suministro e Instalación en teja Arquitectonica Color-CAL. 30 | C54: M2 | D54: =#REF! -> #REF! | E54: 196 | F54: =ROUND((D54*E54),0) -> #REF!
A55: =A54+0.1 -> 3.3 | B55: Estructura Metálica para Teja Arquitectonica | C55: Kg | D55: =#REF! -> #REF! | E55: 668.49 | F55: =ROUND((D55*E55),0) -> #REF!
A56: 4 | B56: ACABADOS
A57: =A56+0.1 -> 4.1 | B57: Reparación de Filos y Carteras de Cumbrera | C57: ML | D57: =#REF! -> #REF! | E57: 59.6 | F57: =ROUND((D57*E57),0) -> #REF!
A58: 5 | B58: TRANSPORTE DE MATERIAL
A59: =A58+0.1 -> 5.1 | B59: Transporte de materiales de construcción al sitio de las obras, en zona rural de dificil acceso. | C59: Viaje | D59: =#REF! -> #REF! | E59: 2 | F59: =ROUND((D59*E59),0) -> #REF!
C60: TOTAL COSTOS DIRECTOS EL ALTO | F60: =SUM(F44:F59) -> #REF!
B61: INSTITUCION EDUCATIVA LA ESPERANZA
A62: 1 | B62: DEMOLICIONES Y DESMONTE DE ELEMENTOS
A63: =A62+0.1 -> 1.1 | B63: Desmonte de cubiertas (asbesto cemento) | C63: M2 | D63: =#REF! -> #REF! | E63: 208.55 | F63: =ROUND((D63*E63),0) -> #REF!
A64: 2 | B64: INSTALACIONES ELÉCTRICAS
A65: =A64+0.1 -> 2.1 | B65: Acometida Eléctrica Cable Cu 3x8+1x10awg Ø1 Pvc | C65: ML | D65: =#REF! -> #REF! | E65: 20 | F65: =ROUND((D65*E65),0) -> #REF!
A66: =A65+0.1 -> 2.2 | B66: Suministro e Instalación de Salida toma corriente doble 110v | C66: UN | D66: =#REF! -> #REF! | E66: 10 | F66: =ROUND((D66*E66),0) -> #REF!
A67: =A66+0.1 -> 2.3 | B67: Suministro e Instalación de Lampara Led * 18 W De Techo. | C67: UN | D67: =#REF! -> #REF! | E67: 12 | F67: =ROUND((D67*E67),0) -> #REF!
A68: =A67+0.1 -> 2.4 | B68: Tubería Emt 1/2" (Incluye 2 Cable Cobre Thhn/Thwn-2 90°C 600v 12awg + 1 Cable Cobre Thhn/Thwn-2 90°C 600v 14awg). | C68: ML | D68: =#REF! -> #REF! | E68: 42.8 | F68: =ROUND((D68*E68),0) -> #REF!
A69: =A68+0.1 -> 2.5 | B69: Instalacion salida interruptor Sencillo 110 V | C69: UN | D69: =#REF! -> #REF! | E69: 10 | F69: =ROUND((D69*E69),0) -> #REF!
A70: 3 | B70: CARPINTERÍA METÁLICA
A71: =A70+0.1 -> 3.1 | B71: Suministro e Instalación de Marco y puerta metálica cal. 18 1.00x2.00m, incluye chapa de seguridad | C71: UN | D71: =#REF! -> #REF! | E71: 2 | F71: =ROUND((D71*E71),0) -> #REF!
A72: =A71+0.1 -> 3.2 | B72: Suministro e Instalación de Ventana en lámina cal. 18 | C72: M2 | D72: =#REF! -> #REF! | E72: 5.5 | F72: =ROUND((D72*E72),0) -> #REF!
A73: 4 | B73: CUBIERTA Y ESTRUCTURA DE CUBIERTA
A74: =A73+0.1 -> 4.1 | B74: Suministro e instalación de Caballete en teja con trapecios, valles h=35mm cal.28, color, 1080 mm ancho total, incluye tornillos fijadores. | C74: ML | D74: =#REF! -> #REF! | E74: 22 | F74: =ROUND((D74*E74),0) -> #REF!
A75: =A74+0.1 -> 4.2 | B75: Suministro e Instalación en teja Arquitectonica Color-CAL. 30 | C75: M2 | D75: =#REF! -> #REF! | E75: 208.55 | F75: =ROUND((D75*E75),0) -> #REF!
A76: =A75+0.1 -> 4.3 | B76: Estructura Metálica para Teja Arquitectonica | C76: Kg | D76: =#REF! -> #REF! | E76: 678.49 | F76: =ROUND((D76*E76),0) -> #REF!
A77: 5 | B77: ACABADOS
A78: =A77+0.1 -> 5.1 | B78: Reparación de Filos y Carteras de Cumbrera | C78: ML | D78: =#REF! -> #REF! | E78: 91.6 | F78: =ROUND((D78*E78),0) -> #REF!
A79: =A78+0.1 -> 5.2 | B79: Suministro y Aplicación de Esmalte sobre lámina llena | C79: M2 | D79: =#REF! -> #REF! | E79: 35.2 | F79: =ROUND((D79*E79),0) -> #REF!
A80: =A79+0.1 -> 5.3 | B80: Suministro y Aplicación de Esmalte sobre marcos lámina | C80: UND | D80: =#REF! -> #REF! | E80: 6 | F80: =ROUND((D80*E80),0) -> #REF!
A81: 6 | B81: TRANSPORTE DE MATERIAL
A82: =A81+0.1 -> 6.1 | B82: Transporte de materiales de construcción al sitio de las obras, en zona rural de dificil acceso. | C82: Viaje | D82: =#REF! -> #REF! | E82: 2 | F82: =ROUND((D82*E82),0) -> #REF!
C83: TOTAL COSTOS DIRECTOS LA ESPERANZA | F83: =SUM(F62:F82) -> #REF!
B84: INSTITUCION EDUCATIVA EL ROSAL
A85: 1 | B85: PISOS Y ENCHAPES
A86: =A85+0.1 -> 1.1 | B86: Construcción de Placa de piso en concreto de 3000 psi e=0.10 | C86: M2 | D86: =#REF! -> #REF! | E86: 25.02 | F86: =ROUND((D86*E86),0) -> #REF!
A87: =A86+0.1 -> 1.2 | B87: Suministro e instalación de Cuneta a. ll. en concreto de 3.000 PSI, Tipo V, a=0.50 | C87: ML | D87: =#REF! -> #REF! | E87: 20.15 | F87: =ROUND((D87*E87),0) -> #REF!
A88: 2 | B88: TRANSPORTE DE MATERIAL
A89: =A88+0.1 -> 2.1 | B89: Transporte de materiales de construcción al sitio de las obras, en zona rural de dificil acceso. | C89: Viaje | D89: =#REF! -> #REF! | E89: 1 | F89: =ROUND((D89*E89),0) -> #REF!
C90: TOTAL COSTOS DIRECTOS EL ROSAL | F90: =SUM(F85:F89) -> #REF!
B91: INSTITUCION EL PALMAR
A92: 1 | B92: DEMOLICIONES Y DESMONTE DE ELEMENTOS
A93: =A92+0.1 -> 1.1 | B93: Desmonte de cubiertas (asbesto cemento) | C93: M2 | D93: =#REF! -> #REF! | E93: 252 | F93: =ROUND((D93*E93),0) -> #REF!
A94: 2 | B94: CUBIERTA Y ESTRUCTURA DE CUBIERTA
A95: =A94+0.1 -> 2.1 | B95: Suministro e Instalación en teja Arquitectonica Color-CAL. 30 | C95: M2 | D95: =#REF! -> #REF! | E95: 252 | F95: =ROUND((D95*E95),0) -> #REF!
A96: 3 | B96: ACABADOS
A97: =A96+0.1 -> 3.1 | B97: Reparación de Filos y Carteras de Cumbrera | C97: ML | D97: =#REF! -> #REF! | E97: 98.85 | F97: =ROUND((D97*E97),0) -> #REF!
A98: 4 | B98: TRANSPORTE DE MATERIAL
A99: =A98+0.1 -> 4.1 | B99: Transporte de materiales de construcción al sitio de las obras, en zona rural de dificil acceso. | C99: Viaje | D99: =#REF! -> #REF! | E99: 1 | F99: =ROUND((D99*E99),0) -> #REF!
C100: TOTAL COSTOS DIRECTOS PALMAR | F100: =SUM(F92:F99) -> #REF!
C101: TOTAL COSTOS DIRECTOS | F101: =F34+F42+F60+F83+F90+F100 -> #REF!
C102: ADMINISTRACION | E102: 0.24 | F102: =ROUND((F101*E102),0) -> #REF!
C103: IMPREVISTOS | E103: 0.01 | F103: =ROUND((F101*E103),0) -> #REF!
C104: UTILIDADES | E104: 0.05 | F104: =ROUND((F101*E104),0) -> #REF!
...

Sheet APU
B1: ='PPTO PROPUESTA'!A2 -> OFERTA ECONOMICA
B3: ='PPTO PROPUESTA'!A4 -> SELECCIÓN ABREVIADA MC No. 003 de 2023
B5: PROPONENTE: ANDRES FELIPE SANCHEZ RIVERA
B7: ANÁLISIS DE PRECIOS UNITARIOS - COSTOS DIRECTOS
A9: 1 | B9: DEMOLICIONES Y DESMONTE DE ELEMENTOS
A11: 1.1 | B11: =PRESUPUESTO!B28 -> Desmonte de cubiertas (asbesto cemento) | E11: Unidad: | F11: =PRESUPUESTO!C28 -> M2
B13: DESCRIPCIÓN | C13: UNIDAD | D13: CANT | E13: V/r UNITARIO | F13: V/r PARCIAL
B15: EQUIPO Y HERRAMIENTAS: | F15: =SUM(F16:F18) -> #REF!
B16: HERRAMIENTA MENOR | C16: UND | D16: 0.3 | E16: =#REF! -> #REF! | F16: =E16*D16 -> #REF!
B17: =#REF! -> #REF! | C17: DIA | D17: 0.056 | E17: =#REF! -> #REF! | F17: =E17*D17 -> #REF!
B18: =#REF! -> #REF! | C18: DIA | D18: 0.056 | E18: =#REF! -> #REF! | F18: =E18*D18 -> #REF!
B20: MANO DE OBRA | F20: =F21 -> #REF!
B21: MANO DE OBRA | C21: HR | D21: 0.45 | E21: =#REF! -> #REF! | F21: =D21*E21 -> #REF!
C23: V/r. COSTO DIRECTO | F23: =ROUND(F20+F15,0) -> #REF!
A24: 2 | B24: INSTALACIONES ELÉCTRICAS
A26: 2,1 | B26: Acometida Eléctrica Cable Cu 3x8+1x10awg Ø1 Pvc | E26: UNIDAD: | F26: ML
B28: DESCRIPCIÓN | C28: UNIDAD | D28: CANT | E28: V/r UNITARIO | F28: V/r PARCIAL
B30: MATERIALES : | F30: =SUM(F31:F37) -> 65323.8
B31: CABLE DE COBRE ENCAUCHETADO 3 X 8 AWG | C31: ML | D31: 1.03 | E31: =53250-6638 -> 46612 | F31: =D31*E31 -> 48010.36
B32: CABLE DE COBRE AISLADO NO 10 AWG THHN | C32: ML | D32: 1.03 | E32: 8580 | F32: =D32*E32 -> 8837.4
B33: UNIÓN PVC 1" | C33: UND | D33: 0.09 | E33: 1500 | F33: =D33*E33 -> 135
B34: CURVA 90° 1" | C34: UND | D34: 0.2 | E34: 5900 | F34: =D34*E34 -> 1180
B35: ABRAZADERA FIJA DOBLE ALA 1" | C35: UND | D35: 1 | E35: =1400+199.0414 -> 1599.04 | F35: =D35*E35 -> 1599.04
B36: TUBO PVC 1" X 3.05M | C36: ML | D36: 1.03 | E36: 5400 | F36: =D36*E36 -> 5562
B38: EQUIPO Y HERRAMIENTAS: | F38: =F39+F40 -> 2580.2
B39: HERRAMIENTA MENOR | C39: UND | D39: 1 | E39: 1993 | F39: =E39*D39 -> 1993
B40: ANDAMIO TUBULAR 0.8 X 2M CON CRUCETA - ALQUILER | C40: Día | D40: 0.8 | E40: 734 | F40: =E40*D40 -> 587.2
B42: MANO DE OBRA: | F42: =F43 -> 17096
B43: MANO DE OBRA ELECTRICA | C43: HR | D43: 0.5 | E43: 34192 | F43: =D43*E43 -> 17096
C45: V/r. COSTO DIRECTO = | F45: =F30+F38+F42 -> 85000
A47: 2,2 | B47: Suministro e Instalación de Salida toma corriente doble 110v | E47: UNIDAD: | F47: UN
B49: DESCRIPCIÓN | C49: UNIDAD | D49: CANT | E49: V/r UNITARIO | F49: V/r PARCIAL
B51: MATERIALES : | F51: 53600
B52: ALAMBRE COBRE SUAVE Y DURO DESNUDO 12AWG | C52: ML | D52: 2 | E52: 2400 | F52: 4800
B53: CABLE COBRE THHN/THWN-2 90°C 600V 12AWG | C53: ML | D53: 6 | E53: 3400 | F53: 20400
B54: TERMINAL CONECTOR EMT 1/2 | C54: UND | D54: 2 | E54: 1350 | F54: 2700
B55: SUPLEMENTO METÁLICO GALVANIZADO CAJA CUADRADA REF.2400-CAL.20 | C55: UND | D55: 1 | E55: 400 | F55: 400
B56: CAJA DOBLE GALVANIZADA 2400 | C56: UND | D56: 1 | E56: 2500 | F56: 2500
B57: TOMA CORRIENTE DOBLE P-T | C57: UND | D57: 1 | E57: 12000 | F57: 12000
B58: TUBO EMT UL 1/2 X 3.05M | C58: ML | D58: 2 | E58: 5400 | F58: 10800
B60: EQUIPO Y HERRAMIENTAS: | F60: 1993
B61: HERRAMIENTA MENOR | C61: UND | D61: 1 | E61: 1993 | F61: 1993
B63: MANO DE OBRA: | F63: 35901.6
B64: MANO DE OBRA ELECTRICA | C64: HR | D64: 1.05 | E64: 34192 | F64: 35901.6
C66: [ UND ] V/r. COSTO DIRECTO = | F66: 91495
A68: 2.3 | B68: Suministro e Instalación de Lampara Led * 18 W De Techo. | E68: UNIDAD: | F68: UN
B70: DESCRIPCIÓN | C70: UNIDAD | D70: CANT | E70: V/r UNITARIO | F70: V/r PARCIAL
B72: MATERIALES : | F72: 43090
B73: ALAMBRE COBRE THHN/THWN-2 90°C 600V 12AWG | C73: ML | D73: 3 | E73: 2600 | F73: 7800
B74: PANEL DE SOBREPONER LED DE 18W LUZ BLANCA H25 1U | C74: ML | D74: 1 | E74: 25000 | F74: 25000
B75: CINTA AISLANTE 111 PREMIUM (20M) NEGRA | C75: UND | D75: 0.05 | E75: 9800 | F75: 490
B76: TUBO EMT UL 1/2 X 3.05M | C76: UND | D76: 1 | E76: 5400 | F76: 5400
B77: CAJA OCTAGONAL 100 X 100 X 47MM | C77: UND | D77: 1 | E77: 2600 | F77: 2600
B78: ALAMBRE COBRE THHN/THWN-2 90°C 600V 14AWG | C78: UND | D78: 1 | E78: 1800 | F78: 1800
B80: EQUIPO Y HERRAMIENTAS: | F80: 1993
B81: HERRAMIENTA MENOR | C81: UND | D81: 1 | E81: 1993 | F81: 1993
B83: MANO DE OBRA: | F83: 37611.2
B84: MANO DE OBRA ELECTRICA | C84: HR | D84: 1.1 | E84: 34192 | F84: 37611.2
C86: [ UND ] V/r. COSTO DIRECTO = | F86: 82694
A88: 2.4 | B88: Tubería Emt 1/2" (Incluye 2 Cable Cobre Thhn/Thwn-2 90°C 600v 12awg + 1 Cable Cobre Thhn/Thwn-2 90°C 600v 14awg). | E88: UNIDAD: | F88: ML
B90: DESCRIPCIÓN | C90: UNIDAD | D90: CANT | E90: V/r UNITARIO | F90: V/r PARCIAL
B92: MATERIALES : | F92: 21514
B93: CABLE COBRE THHN/THWN-2 90°C 600V 12AWG | C93: ML | D93: 2 | E93: 4436 | F93: 8872
B94: TERMINAL CONECTOR EMT 1/2 | C94: UND | D94: 0.14 | E94: 1500 | F94: 210
B95: UNIÓN GALVANIZADA EMT 1/2 | C95: UND | D95: 0.05 | E95: 1300 | F95: 65
B96: CURVA 90° EMT 1/2" | C96: UND | D96: 0.1 | E96: 7670 | F96: 767
B97: ABRAZADERA FIJA DOBLE ALA 1/2 | C97: UND | D97: 1 | E97: 1500 | F97: 1500
B98: TUBO EMT UL 1/2 X 3.05M | C98: ML | D98: 1 | E98: 7500 | F98: 7500
B99: CABLE COBRE THHN/THWN-2 90°C 600V 14AWG | C99: ML | D99: 1 | E99: 2600 | F99: 2600
B101: EQUIPO Y HERRAMIENTAS: | F101: 996.5
B102: HERRAMIENTA MENOR | C102: UND | D102: 0.5 | E102: 1993 | F102: 996.5
B104: MANO DE OBRA: | F104: 6838.4
B105: MANO DE OBRA ELECTRICA | C105: HR | D105: 0.2 | E105: 34192 | F105: 6838.4
C107: [ ML] V/r. COSTO DIRECTO = | F107: 29349
A109: 2,5 | B109: Instalacion salida interruptor doble 110 V | E109: UNIDAD: | F109: UN
B111: DESCRIPCIÓN | C111: UNIDAD | D111: CANT | E111: V/r UNITARIO | F111: V/r PARCIAL
B113: MATERIALES : | F113: 51600
B114: ALAMBRE COBRE SUAVE Y DURO DESNUDO 12AWG | C114: ML | D114: 2 | E114: 2400 | F114: 4800
B115: CABLE COBRE THHN/THWN-2 90°C 600V 12AWG | C115: ML | D115: 6 | E115: 3400 | F115: 20400
B116: TERMINAL CONECTOR EMT 1/2 | C116: UND | D116: 2 | E116: 1350 | F116: 2700
B117: SUPLEMENTO METÁLICO GALVANIZADO CAJA CUADRADA REF.2400-CAL.20 | C117: UND | D117: 1 | E117: 400 | F117: 400
B118: CAJA DOBLE GALVANIZADA 2400 | C118: UND | D118: 1 | E118: 2500 | F118: 2500
B119: INTERRUPTOR SENCILLO PRIMMUS O SIMILAR | C119: UND | D119: 1 | E119: 10000 | F119: 10000
B120: TUBO EMT UL 1/2 X 3.05M | C120: ML | D120: 2 | E120: 5400 | F120: 10800
B122: EQUIPO Y HERRAMIENTAS: | F122: 1993
B123: HERRAMIENTA MENOR | C123: UND | D123: 1 | E123: 1993 | F123: 1993
B125: MANO DE OBRA: | F125: 35901.6
B126: MANO DE OBRA ELECTRICA | C126: HR | D126: 1.05 | E126: 34192 | F126: 35901.6
C128: [ UND ] V/r. COSTO DIRECTO = | F128: 89495
A130: 3.1 | B130: Revision Hidrosanitaria | E130: UNIDAD: | F130: UN
B132: DESCRIPCIÓN | C132: UNIDAD | D132: CANT | E132: V/r UNITARIO | F132: V/r PARCIAL
B134: MATERIALES : | F134: =F135+F136+F137 -> 166551
B135: MORTERO 1:4 IMPERMEABILIZADO | C135: M3 | D135: 0.085 | E135: 656754 | F135: =D135*E135 -> 55824.09
B136: CONCRETO DE 2500 PSI | C136: M3 | D136: 0.05 | E136: 407027 | F136: =D136*E136 -> 20351.35
B137: TUBERIA Y ACCESORIOS | C137: UND | D137: 1 | E137: =85000+5375.56 -> 90375.56 | F137: =D137*E137 -> 90375.56
B139: EQUIPO Y HERRAMIENTAS: | F139: =F140 -> 1993
B140: HERRAMIENTA MENOR | C140: UND | D140: 1 | E140: 1993 | F140: =D140*E140 -> 1993
B142: MANO DE OBRA: | F142: =F143 -> 231456
B143: MANO DE OBRA: | C143: HR | D143: 8 | E143: 28932 | F143: =D143*E143 -> 231456
C145: [ UND] V/r. COSTO DIRECTO = | F145: =F134+F139+F142 -> 400000
...

Sheet Cant
B3: MEMORIAS DE CALCULO
B5: 1. GRAMALOTE
B7: CUBIERTA | C7: L | D7: A
C8: 23.3 | D8: 8.5 | E8: =C8*D8 -> 198.05
B10: ESTRUCTURA METALICA
B11: PERFILES 4 X 8 | D11: CANT | E11: LONG | G11: PESO
D12: 10 | E12: 23 | F12: =D12*E12 -> 230
B14: PERFILES 10 X 4 | D14: CANT | E14: LONG | H14: PESO
D15: 4 | E15: 6 | F15: 2 | G15: =D15*E15*F15 -> 48
B17: RESANES | I17: TOTAL
D18: 23 | E18: 6.8 | F18: 6 | G18: 11 | H18: =8.5*6 -> 51 | I18: =SUM(D18:H18) -> 97.8
B20: CANALES
C21: L | D21: 23 | E21: 2 | F21: =D21*E21 -> 46 | G21: ML
B22: BAJANTES | C22: L | D22: 16 | F22: =D22 -> 16
B24: RED ELECTRICA
B26: REPARACIONES HIDROSANITARIAS
B28: REVISAR CAJILLA DE INSPECCION
B31: 2. ESCUELA DE CHARRO
B32: PINTURA | C32: L | D32: A | E32: CANT | H32: VINILO | J32: ACEITE
B33: BLOQUE 1 | C33: 10.5 | D33: 3.7 | E33: 3 | F33: =C33*D33*E33 -> 116.55 | H33: =F33 -> 116.55
C34: 7.9 | D34: 3.7 | E34: 4 | F34: =C34*D34*E34 -> 116.92 | H34: =F34 -> 116.92
B35: MENOS CARPINTERIA METALICA
C36: 1.2 | D36: 1.9 | E36: 2 | F36: =C36*D36*E36 -> 4.56
C37: 1.2 | D37: 2 | E37: 2 | F37: =C37*D37*E37 -> 4.8
C38: 1.2 | D38: 2 | E38: 4 | F38: =C38*D38*E38 -> 9.6 | H38: =(F36+F37+F38)*-1 -> -18.96 | J38: =H38 -> -18.96
B39: RESTAURANTE
C40: 9.5 | D40: 2.6 | E40: 3 | F40: =C40*D40*E40 -> 74.1 | H40: =F40 -> 74.1
C41: 11.6 | D41: 2.6 | E41: 2 | F41: =C41*D41*E41 -> 60.32 | H41: =F41 -> 60.32
B42: BLOQUE NUEVO
C43: 35 | D43: 3 | E43: 4 | F43: =C43*D43*E43 -> 420 | H43: =F43 -> 420
C44: 8.6 | D44: 3.5 | E44: 10 | F44: =C44*D44*E44 -> 301 | H44: =F44 -> 301
B45: MENOS CARPINTERIA METALICA
C46: 1 | D46: 2.4 | E46: 8 | F46: =C46*D46*E46 -> 19.2
C47: 1.4 | D47: 2.7 | E47: 32 | F47: =C47*D47*E47 -> 120.96 | H47: =(F46+F47)*-1 -> -140.16 | J47: =H47 -> -140.16
B48: BATERIA SANITARIA
C49: =(4.2+2.9)/2 -> 3.55 | D49: 5.4 | E49: 4 | F49: =C49*D49*E49 -> 76.68 | H49: =F49 -> 76.68
C50: 4.2 | D50: 8.5 | E50: 2 | F50: =C50*D50*E50 -> 71.4 | H50: =F50 -> 71.4
C51: 2.9 | D51: 8.5 | E51: 2 | F51: =C51*D51*E51 -> 49.3 | H51: =F51 -> 49.3
B52: MENOS CARPINTERIA METALICA
C53: 2.7 | D53: 0.65 | E53: 4 | F53: =C53*D53*E53 -> 7.02
C54: 1.4 | D54: 0.65 | E54: 2 | F54: =C54*D54*E54 -> 1.82
C55: 1.9 | D55: 0.65 | E55: 2 | F55: =C55*D55*E55 -> 2.47
C56: 1.6 | D56: 0.65 | E56: 4 | F56: =C56*D56*E56 -> 4.16
C57: 1 | D57: 2.6 | E57: 4 | F57: =C57*D57*E57 -> 10.4 | H57: =(F53+F54+F55+F56+F57)*-1 -> -25.87 | J57: =H57 -> -25.87
B58: BLOQUE ANTIGUO
C59: 8.1 | D59: 3.7 | E59: 6 | F59: =C59*D59*E59 -> 179.82 | H59: =F59 -> 179.82
C60: 20 | D60: 3.7 | E60: 4 | F60: =C60*D60*E60 -> 296 | H60: =F60 -> 296
B61: MENOS CARPINTERIA METALICA
C62: 1.9 | D62: 1.6 | E62: 12 | F62: =C62*D62*E62 -> 36.48
C63: 2 | D63: 2.4 | E63: 2 | F63: =C63*D63*E63 -> 9.6
C64: 0.85 | D64: 2.4 | E64: 2 | F64: =C64*D64*E64 -> 4.08
C65: 1.2 | D65: 1.6 | E65: 2 | F65: =C65*D65*E65 -> 3.84
C66: 1.9 | D66: 1.6 | E66: 2 | F66: =C66*D66*E66 -> 6.08 | H66: =(F62+F63+F64+F65+F66)*-1 -> -60.08 | J66: =H66 -> -60.08
H67: =SUM(H33:H66) -> 1517.02 | J67: =SUM(J33:J66) -> -245.07
B68: 3. EL ALTO | C68: L | D68: A
B69: CUBIERTA | C69: 20 | D69: 9.8 | F69: =C69*D69 -> 196 | G69: M2
B70: ESTRUCTURA METALICA
B71: PERFIL 4 X 8 CAL 18 | D71: CANT | E71: L
D72: 10 | E72: 23 | F72: =E72*D72 -> 230
B73: PERFILES 10 X 4 | D73: CANT | E73: LONG
D74: 4 | E74: 6 | F74: 2 | G74: =D74*E74*F74 -> 48
B76: RED ELECTRICA
B77: LUMINARIAS | D77: 6
B78: INTERRUPTORES | D78: 3
B79: TOMA CORRIENTE | D79: 6
B81: RESANES | C81: 20 | D81: 20 | E81: 9.8 | F81: 9.8 | G81: =SUM(C81:F81) -> 59.6 | H81: ML
B83: 4. SAN RAFAEL
B84: ENFERMERIA
C85: PAÑETE
C86: 5 | D86: 5 | G86: =C86*D86 -> 25 | H86: M2
B87: RESANES | C87: 7.2 | D87: 7.2 | E87: 12.6 | F87: 7.2 | G87: =6.2*3 -> 18.6 | H87: ML
B88: ENCHAPE
C89: =2.3+1.3+1.3+1.3 -> 6.2 | D89: 1.5 | F89: =C89*D89 -> 9.3 | G89: M2
B90: COMBO SANITARIO | D90: UND
D91: 1 | E91: UND
B92: PUERTAS METALICAS
C93: 1 | D93: 1.9 | E93: 1 | F93: =C93*D93*2 -> 3.8 | G93: M2
C94: 1 | D94: 2 | E94: 1 | F94: =C94*D94*2 -> 4 | G94: M2
B95: PINTURA ACEITE
C96: 1 | D96: 2 | F96: 4 | G96: M2
F97: =SUM(F93:F96) -> 11.8 | G97: M2
B98: PERFILES
C99: 6.5 | D99: 7 | F99: =C99*D99 -> 45.5 | G99: ML
B100: PINTURA
C101: 6.2 | D101: 2.35 | E101: 5 | F101: =C101*D101*E101 -> 72.85
C102: 7.2 | D102: =(2.8+2.35)/2 -> 2.575 | E102: 4 | F102: =C102*D102*E102 -> 74.16
C103: 1 | D103: =2.3+2.3+1.3+1.3 -> 7.2 | E103: 1 | F103: =C103*D103*E103 -> 7.2
F104: =SUM(F101:F103) -> 154.21 | G104: M2
B105: RED ELECTRICA
C106: LUMINARIAS | D106: 5
C107: TOMAS D | D107: 7
C108: INTERRUPTORES | D108: 5
B109: RED HIDRAULICA
B110: PUNTOS HIDRAULICOS | D110: 3
B111: PUNTOS DE DESAGUE | D111: 3
B113: 5. LA ESPERANZA
C114: 21.5 | D114: 9.7 | F114: =C114*D114 -> 208.55 | G114: M2
B115: PERFIL 4 X 8 CAL 18 | D115: CANT | E115: L
D116: 10 | E116: 22 | F116: =E116*D116 -> 220
B117: PERFILES 10 X 4 | D117: CANT | E117: LONG
...

Sheet ROTULOS
A1: MANTENIMIENTO, MEJORAMIENTO Y ADECUACIÓN DE LA SEDE EDUCATIVA PRIMAVERA DEL MUNICIPIO DE SALADOBLANCO DEPARTAMENTO DEL HUILA
A2: PRESUPUESTO DE OBRA

Sheet PRESUPUESTO OFICIAL PRIMAVERA
A1: MEJORAMIENTO Y ADECUACIÓN DE LA PLACA DEL POLIDEPORTIVO SEDE EDUCATIVA PRIMAVERA DEL MUNICIPIO DE SALADOBLANCO DEPARTAMENTO DEL HUILA
A2: =ROTULOS!A2 -> PRESUPUESTO DE OBRA
A4: ITEM | B4: ACTIVIDAD | C4: UN | D4: VR. UNT. | E4: CANT. | F4: VR. PARCIAL
B5: INSTITUCION EDUCATIVA MISAEL PASTRANA BORRERO SEDE PRIMAVERA
A6: 1 | B6: EXTERIORES
A7: =A6+0.1 -> 1.1 | B7: Localización y replanteo manual | C7: M2 | D7: 4854 | E7: 422 | F7: =ROUND((D7*E7),0) -> 2048388
A8: =A7+0.1 -> 1.2 | B8: Nivelación terreno en concreto de 2000 psi | C8: M3 | D8: 412210 | E8: 8.44 | F8: =ROUND((D8*E8),0) -> 3479052
A9: =A8+0.1 -> 1.3 | B9: Placa de piso para exteriores en concreto 2500 P.S.I, barrido y dilatado E=0,08M (Incluye refuerzo) | C9: M2 | D9: 66298 | E9: 422 | F9: =ROUND((D9*E9),0) -> 27977756
A10: =A9+0.1 -> 1.4 | B10: Demarcacion de canchas con pintura esmalte | C10: ML | D10: 3895 | E10: 220 | F10: =ROUND((D10*E10),0) -> 856900
A11: 2 | B11: TRANSPORTE DE MATERIAL
A12: =A11+0.1 -> 2.1 | B12: Transporte de materiales de construcción al sitio de las obras, en zona rural de dificil acceso. | C12: Viaje | D12: 650000 | E12: 1 | F12: =ROUND((D12*E12),0) -> 650000
C13: TOTAL COSTOS DIRECTOS | F13: =SUM(F6:F12) -> 35012096
C14: ADMINISTRACION | E14: 0.24 | F14: =ROUND(($F$13*E14),0) -> 8402903
C15: IMPREVISTOS | E15: 0.01 | F15: =ROUND(($F$13*E15),0) -> 350121
C16: UTILIDADES | E16: 0.05 | F16: =ROUND(($F$13*E16),0) -> 1750605
C17: SUBTOTAL COSTOS INDIRECTOS | F17: =SUM(F14:F16) -> 10503629
C18: COSTO TOTAL | F18: =SUM(F13:F16) -> 45515725

Sheet PROPUESTA ECONOMICA
A1: MEJORAMIENTO Y ADECUACIÓN DE LA PLACA DEL POLIDEPORTIVO SEDE EDUCATIVA PRIMAVERA DEL MUNICIPIO DE SALADOBLANCO DEPARTAMENTO DEL HUILA
A2: =ROTULOS!A2 -> PRESUPUESTO DE OBRA
A4: ITEM | B4: ACTIVIDAD | C4: UN | D4: VR. UNT. | E4: CANT. | F4: VR. PARCIAL
B5: INSTITUCION EDUCATIVA MISAEL PASTRANA BORRERO SEDE PRIMAVERA
A6: 1 | B6: EXTERIORES
A7: =A6+0.1 -> 1.1 | B7: Localización y replanteo manual | C7: M2 | E7: 422 | F7: =ROUND((D7*E7),0) -> 0
A8: =A7+0.1 -> 1.2 | B8: Nivelación terreno en concreto de 2000 psi | C8: M3 | E8: 8.44 | F8: =ROUND((D8*E8),0) -> 0
A9: =A8+0.1 -> 1.3 | B9: Placa de piso para exteriores en concreto 2500 P.S.I, barrido y dilatado E=0,08M (Incluye refuerzo) | C9: M2 | E9: 422 | F9: =ROUND((D9*E9),0) -> 0
A10: =A9+0.1 -> 1.4 | B10: Demarcacion de canchas con pintura esmalte | C10: ML | E10: 220 | F10: =ROUND((D10*E10),0) -> 0
A11: 2 | B11: TRANSPORTE DE MATERIAL
A12: =A11+0.1 -> 2.1 | B12: Transporte de materiales de construcción al sitio de las obras, en zona rural de dificil acceso. | C12: Viaje | E12: 1 | F12: =ROUND((D12*E12),0) -> 0
C13: TOTAL COSTOS DIRECTOS | F13: =SUM(F6:F12) -> 0
C14: ADMINISTRACION | E14: 0.24 | F14: =ROUND(($F$13*E14),0) -> 0
C15: IMPREVISTOS | E15: 0.01 | F15: =ROUND(($F$13*E15),0) -> 0
C16: UTILIDADES | E16: 0.05 | F16: =ROUND(($F$13*E16),0) -> 0
C17: SUBTOTAL COSTOS INDIRECTOS | F17: =SUM(F14:F16) -> 0
C18: COSTO TOTAL | F18: =SUM(F13:F16) -> 0

Sheet PRESUPUESTO
A1: =ROTULOS!A1 -> MANTENIMIENTO, MEJORAMIENTO Y ADECUACIÓN DE LA SEDE EDUCATIVA PRIMAVERA DEL MUNICIPIO DE SALADOBLANCO DEPARTAMENTO DEL HUILA
A2: =ROTULOS!A2 -> PRESUPUESTO DE OBRA
A3: PRESUPUESTO
A4: =ROTULOS!A4 -> 0
A5: ITEM | B5: ACTIVIDAD | C5: UN | D5: VR. UNT. | E5: CANT. | F5: VR. PARCIAL
B6: INSTITUCION EDUCATIVA EL PORVENIR
A7: 1 | B7: PRELIMINARES
A8: 1.1 | B8: Localización y replanteo topográfico | C8: M2 | D8: =#REF! -> #REF! | E8: ='MEMORIA DE CANTIDADES'!H$12 -> 0 | F8: =D8*E8 -> #REF!
A9: 1.2 | B9: Localización y replanteo manual | C9: M2 | D9: =+#REF! -> #REF! | E9: 0 | F9: =D9*E9 -> #REF!
A10: 1.3 | B10: Localización y replanteo polideportivos | C10: M2 | D10: =+#REF! -> #REF! | E10: ='MEMORIA DE CANTIDADES'!H$24 -> 0 | F10: =D10*E10 -> #REF!
A11: 1.4 | B11: Descapote manual e=0.20m incluye retiro | C11: M2 | D11: =#REF! -> #REF! | E11: 0 | F11: =D11*E11 -> #REF!
A12: 1.5 | B12: Suministro e Instalación de Campamento 9 m2 | C12: UN | D12: =#REF! -> #REF! | E12: ='MEMORIA DE CANTIDADES'!H$36 -> 0 | F12: =D12*E12 -> #REF!
A13: 1.6 | B13: Suministro e instalación de cerca en lona verde h=2.10 m | C13: ML | D13: =#REF! -> #REF! | E13: ='MEMORIA DE CANTIDADES'!H$42 -> 0 | F13: =D13*E13 -> #REF!
A14: 1.7 | B14: Excavacion, corte y retiro de raices, profundidad hasta 2.00mts | C14: UN | D14: =+#REF! -> #REF! | E14: ='MEMORIA DE CANTIDADES'!H$43 -> 0 | F14: =D14*E14 -> #REF!
A15: 2 | B15: DEMOLICIONES Y DESMONTE DE ELEMENTOS
A16: 2.1 | B16: Demolición enchape de piso | C16: M2 | D16: =#REF! -> #REF! | E16: ='MEMORIA DE CANTIDADES'!H$49 -> 0 | F16: =D16*E16 -> #REF!
A17: 2.2 | B17: Demolición enchape muro | C17: M2 | D17: =#REF! -> #REF! | E17: ='MEMORIA DE CANTIDADES'!H$55 -> 0 | F17: =D17*E17 -> #REF!
A18: 2.3 | B18: Demolición pañete muro | C18: M2 | D18: =#REF! -> #REF! | E18: ='MEMORIA DE CANTIDADES'!H$61 -> 0 | F18: =D18*E18 -> #REF!
A19: 2.4 | B19: Desmonte de cielo falso | C19: M2 | D19: =#REF! -> #REF! | E19: ='MEMORIA DE CANTIDADES'!H$67 -> 0 | F19: =D19*E19 -> #REF!
A20: 2.5 | B20: Demolición placa maciza 0.25 m Incluye retiro | C20: M2 | D20: =#REF! -> #REF! | E20: ='MEMORIA DE CANTIDADES'!H$73 -> 0 | F20: =D20*E20 -> #REF!
A21: 2.6 | B21: Demolición placa piso 0.05 m Incluye retiro | C21: M2 | D21: =#REF! -> #REF! | E21: ='MEMORIA DE CANTIDADES'!H$79 -> 0 | F21: =D21*E21 -> #REF!
A22: 2.7 | B22: Demolición placa piso 0.10 m Incluye retiro | C22: M2 | D22: =#REF! -> #REF! | E22: ='MEMORIA DE CANTIDADES'!H$85 -> 0 | F22: =D22*E22 -> #REF!
A23: 2.8 | B23: Demolición vigas y columnas Incluye retiro | C23: M3 | D23: =#REF! -> #REF! | E23: ='MEMORIA DE CANTIDADES'!H$91 -> 0 | F23: =D23*E23 -> #REF!
A24: 2.9 | B24: Descapote a máquina e=0.20 m Incluye retiro | C24: M2 | D24: =#REF! -> #REF! | E24: ='MEMORIA DE CANTIDADES'!H$97 -> 0 | F24: =D24*E24 -> #REF!
A25: 2.10 | B25: Descapote manual y retiro e= 0.20 m apile a 15 m | C25: M2 | D25: =#REF! -> #REF! | E25: ='MEMORIA DE CANTIDADES'!H$103 -> 0 | F25: =D25*E25 -> #REF!
A26: 2.11 | B26: Desmonte aparatos sanitarios Incluye retiro | C26: UN | D26: =#REF! -> #REF! | E26: ='MEMORIA DE CANTIDADES'!H$109 -> 0 | F26: =D26*E26 -> #REF!
A27: 2.12 | B27: Desmonte de cubiertas (teja de barro) | C27: M2 | D27: =#REF! -> #REF! | E27: ='MEMORIA DE CANTIDADES'!H$115 -> 0 | F27: =D27*E27 -> #REF!
A28: 2.13 | B28: Desmonte de cubiertas (asbesto cemento) | C28: M2 | D28: =#REF! -> #REF! | E28: ='MEMORIA DE CANTIDADES'!H$121 -> 0 | F28: =D28*E28 -> #REF!
A29: 2.14 | B29: Desmonte de cubiertas (termoacústica) | C29: M2 | D29: =#REF! -> #REF! | E29: ='MEMORIA DE CANTIDADES'!H$127 -> 0 | F29: =D29*E29 -> #REF!
A30: 2.15 | B30: Desmonte de cubiertas (teja de zinc) | C30: M2 | D30: =#REF! -> #REF! | E30: ='MEMORIA DE CANTIDADES'!H$133 -> 0 | F30: =D30*E30 -> #REF!
A31: 2.16 | B31: Desmonte marcos y puertas | C31: UN | D31: =#REF! -> #REF! | E31: 0 | F31: =D31*E31 -> #REF!
A32: 2.17 | B32: Desmonte ventanas | C32: M2 | D32: =#REF! -> #REF! | E32: ='MEMORIA DE CANTIDADES'!H$145 -> 0 | F32: =D32*E32 -> #REF!
A33: 2.18 | B33: Demolición muros e-0.15m, con retiro | C33: M2 | D33: =#REF! -> #REF! | E33: 0 | F33: =D33*E33 -> #REF!
A34: 2.19 | B34: Demolición muros e=0.25m, con retiro | C34: M2 | D34: =#REF! -> #REF! | E34: ='MEMORIA DE CANTIDADES'!H$157 -> 0 | F34: =D34*E34 -> #REF!
A35: 2.20 | B35: Demolición de enchape y revoque, con retiro | C35: M2 | D35: =#REF! -> #REF! | E35: ='MEMORIA DE CANTIDADES'!H$163 -> 0 | F35: =D35*E35 -> #REF!
A36: 2.21 | B36: Demolición placa de piso concreto e=0.10m, incluye retiro | C36: M2 | D36: =#REF! -> #REF! | E36: ='MEMORIA DE CANTIDADES'!H$169 -> 0 | F36: =D36*E36 -> #REF!
A37: 2.22 | B37: Demolición mecánica placa concreto e = 0.20m, incluye retiro | C37: M2 | D37: =#REF! -> #REF! | E37: ='MEMORIA DE CANTIDADES'!H$175 -> 0 | F37: =D37*E37 -> #REF!
A38: 2.23 | B38: Desmonte cubierta teja de asbesto c. Con estructura , incluye retiro | C38: M2 | D38: =#REF! -> #REF! | E38: 146 | F38: =D38*E38 -> #REF!
A39: 2.24 | B39: Retiro de escombros hasta 5km, incluye cargue | C39: M3 | D39: =#REF! -> #REF! | E39: ='MEMORIA DE CANTIDADES'!H$187 -> 0 | F39: =D39*E39 -> #REF!
A40: 2.25 | B40: Demolición mecánica de concreto ciclópeo | C40: M3 | D40: =#REF! -> #REF! | E40: ='MEMORIA DE CANTIDADES'!H$193 -> 0 | F40: =D40*E40 -> #REF!
A41: 2.26 | B41: Demolición mecánica viga concreto armado | C41: M3 | D41: =#REF! -> #REF! | E41: ='MEMORIA DE CANTIDADES'!H$199 -> 0 | F41: =D41*E41 -> #REF!
A42: 2.27 | B42: Desmonte cubierta teja de zinc con estructura | C42: M2 | D42: =#REF! -> #REF! | E42: ='MEMORIA DE CANTIDADES'!H$205 -> 0 | F42: =D42*E42 -> #REF!
A43: 2.28 | B43: Demolicion de tablero en concreto para pizarra | C43: M2 | D43: =+#REF! -> #REF! | E43: ='MEMORIA DE CANTIDADES'!H$211 -> 0 | F43: =D43*E43 -> #REF!
A44: 2.29 | B44: Demolición placa piso 0.15 m Incluye retiro | C44: M2 | D44: =+#REF! -> #REF! | E44: ='MEMORIA DE CANTIDADES'!H$217 -> 0 | F44: =D44*E44 -> #REF!
A45: 2.30 | B45: Desmanche de Piso | C45: M2 | D45: =+#REF! -> #REF! | E45: ='MEMORIA DE CANTIDADES'!H$223 -> 0 | F45: =D45*E45 -> #REF!
A46: 2.31 | B46: Desmonte de estructura de cubierta en perfilería de madera. | C46: ML | D46: =#REF! -> #REF! | E46: ='MEMORIA DE CANTIDADES'!H$229 -> 0 | F46: =D46*E46 -> #REF!
A47: 2.32 | B47: Desmonte de tanque plástico de 1000 litros para almacenamiento de agua potable. | C47: UN | D47: =#REF! -> #REF! | E47: ='MEMORIA DE CANTIDADES'!H$235 -> 0 | F47: =D47*E47 -> #REF!
A48: 2.33 | B48: Retiro de material sobrante de cubierta y disposición final. | C48: Viaje | D48: =#REF! -> #REF! | E48: ='MEMORIA DE CANTIDADES'!H$241 -> 0 | F48: =D48*E48 -> #REF!
A49: 2.34 | B49: Desmonte de tanque asbesto cemento de 1000 litros para almacenamiento de agua potable. | C49: UN | D49: =#REF! -> #REF! | E49: ='MEMORIA DE CANTIDADES'!H$247 -> 0 | F49: =D49*E49 -> #REF!
A50: 2.35 | B50: Desmonte de tanque plástico de 500 litros para almacenamiento de agua potable. | C50: UN | D50: =#REF! -> #REF! | E50: ='MEMORIA DE CANTIDADES'!H$253 -> 0 | F50: =D50*E50 -> #REF!
A51: 2.36 | B51: Desmonte de estructura de correa metálica en C PHR. | C51: ML | D51: =#REF! -> #REF! | E51: ='MEMORIA DE CANTIDADES'!H$259 -> 0 | F51: =D51*E51 -> #REF!
A52: 2.37 | B52: Desmonte de puertas metálica, con marco, medidas convencionales. | C52: UN | D52: =#REF! -> #REF! | E52: ='MEMORIA DE CANTIDADES'!H$265 -> 0 | F52: =D52*E52 -> #REF!
A53: 2.38 | B53: Demolición concreto reforzados, incluye retiro y bote de escombros a sitio autorizado. | C53: M3 | D53: =#REF! -> #REF! | E53: ='MEMORIA DE CANTIDADES'!H$271 -> 0 | F53: =D53*E53 -> #REF!
A54: 2.39 | B54: Desmonte de canal metálico. | C54: ML | D54: =#REF! -> #REF! | E54: ='MEMORIA DE CANTIDADES'!H$277 -> 0 | F54: =D54*E54 -> #REF!
A55: 2.40 | B55: Desmonte de ventanas, ventana-rejas con marco. | C55: UN | D55: =#REF! -> #REF! | E55: ='MEMORIA DE CANTIDADES'!H$283 -> 0 | F55: =D55*E55 -> #REF!
A56: 2.41 | B56: Relleno con material seleccionado de la misma excavación, incluye compactación manual. | C56: M3 | D56: =#REF! -> #REF! | E56: ='MEMORIA DE CANTIDADES'!H$289 -> 0 | F56: =D56*E56 -> #REF!
A57: 2.42 | B57: Excavación manual sin clasifar a todo factor. | C57: M3 | D57: =#REF! -> #REF! | E57: ='MEMORIA DE CANTIDADES'!H$295 -> 0 | F57: =D57*E57 -> #REF!
A58: 2.43 | B58: Demolición concreto, e= 0,08 a 0,10 cms incluye retiro y bote de escombros a sitio autorizado. | C58: M2 | D58: =#REF! -> #REF! | E58: 0 | F58: =D58*E58 -> #REF!
A59: 2.44 | B59: Retiro de material sobrante de cubierta y disposición final. | C59: M2 | D59: =#REF! -> #REF! | E59: ='MEMORIA DE CANTIDADES'!H$307 -> 0 | F59: =D59*E59 -> #REF!
A60: 2.45 | B60: Demolición de acabado de piso esmaltado, espesor 5mm. | C60: M2 | D60: =#REF! -> #REF! | E60: ='MEMORIA DE CANTIDADES'!H$313 -> 0 | F60: =D60*E60 -> #REF!
A61: 3 | B61: MOVIMIENTO DE TIERRA
A62: 3.1 | B62: Excavación manual h=2,9m | C62: M3 | D62: =#REF! -> #REF! | E62: ='MEMORIA DE CANTIDADES'!H$326 -> 0 | F62: =D62*E62 -> #REF!
A63: 3.2 | B63: Excavación mecánica | C63: M3 | D63: =#REF! -> #REF! | E63: ='MEMORIA DE CANTIDADES'!H$332 -> 0 | F63: =D63*E63 -> #REF!
A64: 3.3 | B64: Excavación en roca | C64: M3 | D64: =#REF! -> #REF! | E64: ='MEMORIA DE CANTIDADES'!H$338 -> 0 | F64: =D64*E64 -> #REF!
A65: 3.4 | B65: Excavación en roca con retiro | C65: M3 | D65: =#REF! -> #REF! | E65: =+'MEMORIA DE CANTIDADES'!H$344 -> 0 | F65: =D65*E65 -> #REF!
A66: 3.5 | B66: Explanación con retiro | C66: M3 | D66: =#REF! -> #REF! | E66: ='MEMORIA DE CANTIDADES'!H$350 -> 0 | F66: =D66*E66 -> #REF!
A67: 3.6 | B67: Explanación corte extendida | C67: M3 | D67: =#REF! -> #REF! | E67: ='MEMORIA DE CANTIDADES'!H$356 -> 0 | F67: =D67*E67 -> #REF!
A68: 3.7 | B68: Relleno compactado con material de sitio | C68: M3 | D68: =#REF! -> #REF! | E68: ='MEMORIA DE CANTIDADES'!H$365 -> 0 | F68: =D68*E68 -> #REF!
A69: 3.8 | B69: Relleno compactado con recebo seleccionado | C69: M3 | D69: =#REF! -> #REF! | E69: =+'MEMORIA DE CANTIDADES'!H$371 -> 0 | F69: =D69*E69 -> #REF!
A70: 4 | B70: CIMIENTOS
A71: 4.1 | B71: Concreto ciclópeo base 2500 p.s.i. | C71: M3 | D71: =+#REF! -> #REF! | E71: ='MEMORIA DE CANTIDADES'!H$378 -> 0 | F71: =D71*E71 -> #REF!
A72: 4.2 | B72: Concreto ciclópeo elevaciones 2500 p.s.i. | C72: M3 | D72: =+#REF! -> #REF! | E72: ='MEMORIA DE CANTIDADES'!H$384 -> 0 | F72: =D72*E72 -> #REF!
A73: 4.3 | B73: Concreto muro de contención 3000 p.s.i. | C73: M3 | D73: =#REF! -> #REF! | E73: ='MEMORIA DE CANTIDADES'!H$390 -> 0 | F73: =D73*E73 -> #REF!
A74: 4.4 | B74: Cimentación tipo zapatas en concreto de 3000 p.s.i | C74: M3 | D74: =#REF! -> #REF! | E74: ='MEMORIA DE CANTIDADES'!H$396 -> 0 | F74: =D74*E74 -> #REF!
A75: 4.5 | B75: Cimentación tipo viga de amarre, concreto 3000 psi. 0.30x0.35, incluye acero | C75: M3 | D75: =#REF! -> #REF! | E75: =+'MEMORIA DE CANTIDADES'!H$409 -> 0 | F75: =D75*E75 -> #REF!
A76: 4.6 | B76: Cimentación tipo viga de amarre, concreto 3000 p.s.i. 0.15x0.25, incluye acero | C76: M3 | D76: =#REF! -> #REF! | E76: ='MEMORIA DE CANTIDADES'!H$415 -> 0 | F76: =D76*E76 -> #REF!
A77: 4.7 | B77: Cimentación tipo viga de amarre, concreto 3000 p.s.i. 0.30x0.30, incluye acero (4no.5, e-3/8" c/0,20m) | C77: ML | D77: =#REF! -> #REF! | E77: ='MEMORIA DE CANTIDADES'!H$421 -> 0 | F77: =D77*E77 -> #REF!
A78: 4.8 | B78: Cimentación tipo viga de amarre, concreto 3000 p.s.i. | C78: M3 | D78: =#REF! -> #REF! | E78: ='MEMORIA DE CANTIDADES'!H$427 -> 0 | F78: =D78*E78 -> #REF!
A79: 4.9 | B79: Cimentación tipo solado de limpieza concreto 1700 p.s.i. | C79: M3 | D79: =#REF! -> #REF! | E79: ='MEMORIA DE CANTIDADES'!H$433 -> 0 | F79: =D79*E79 -> #REF!
A80: 4.10 | B80: Cimentación tipo solado de limpieza concreto 1700 p.s.i. e=0,05m | C80: M2 | D80: =+#REF! -> #REF! | E80: ='MEMORIA DE CANTIDADES'!H$439 -> 0 | F80: =D80*E80 -> #REF!
A81: 4.11 | B81: Columna en concreto 3000 p.s.i. 0.25x0.25, incluye acero | C81: ML | D81: =#REF! -> #REF! | E81: =+'MEMORIA DE CANTIDADES'!H$445 -> 0 | F81: =D81*E81 -> #REF!
A82: 4.12 | B82: Columna en concreto 3000 p.s.i. 0.15x0.25, incluye acero | C82: ML | D82: =#REF! -> #REF! | E82: =+'MEMORIA DE CANTIDADES'!H$451 -> 0 | F82: =D82*E82 -> #REF!
A83: 4.13 | B83: Columna en concreto 3000 p.s.i. 0.30x0.30, incluye acero (4no.5, e-3/8" c/0,20m) | C83: ML | D83: =#REF! -> #REF! | E83: =+'MEMORIA DE CANTIDADES'!H$457 -> 0 | F83: =D83*E83 -> #REF!
A84: 5 | B84: MAMPOSTERIA
A85: 5.1 | B85: Construcción de muro en ladrillo tolete común e=0,07m | C85: M2 | D85: =#REF! -> #REF! | E85: ='MEMORIA DE CANTIDADES'!H$464 -> 0 | F85: =D85*E85 -> #REF!
A86: 5.2 | B86: Construcción de Muro ladrillo tolete común e=0.12m | C86: M2 | D86: =#REF! -> #REF! | E86: 0 | F86: =D86*E86 -> #REF!
A87: 5.3 | B87: Construcción de Muro ladrillo tolete común e=0.25m | C87: M2 | D87: =#REF! -> #REF! | E87: ='MEMORIA DE CANTIDADES'!H$476 -> 0 | F87: =D87*E87 -> #REF!
A88: 5.4 | B88: Construcción de Muro en bloque de cemento e=0.15m | C88: M2 | D88: =#REF! -> #REF! | E88: ='MEMORIA DE CANTIDADES'!H$482 -> 0 | F88: =D88*E88 -> #REF!
A89: 5.5 | B89: Construcción de Muro ladrillo prensado e=0.12m rejilla, visto por dos caras | C89: M2 | D89: =#REF! -> #REF! | E89: ='MEMORIA DE CANTIDADES'!H$488 -> 0 | F89: =D89*E89 -> #REF!
A90: 5.6 | B90: Construcción de Muro ladrillo prensado e=0.12m de ladrillera, visto por dos caras | C90: M2 | D90: =#REF! -> #REF! | E90: ='MEMORIA DE CANTIDADES'!H$494 -> 0 | F90: =D90*E90 -> #REF!
A91: 5.7 | B91: Construcción de Muro ladrillo semiprensado e-0.12 de ladrillera, visto una cara | C91: M2 | D91: =#REF! -> #REF! | E91: ='MEMORIA DE CANTIDADES'!H$500 -> 0 | F91: =D91*E91 -> #REF!
A92: 5.8 | B92: Construcción de muro en Bloque de arcilla No. 4 e=0.20m | C92: M2 | D92: =#REF! -> #REF! | E92: ='MEMORIA DE CANTIDADES'!H$506 -> 0 | F92: =D92*E92 -> #REF!
A93: 5.9 | B93: Construcción de muro en Bloque de arcilla No. 4 e=0.10m | C93: M2 | D93: =#REF! -> #REF! | E93: ='MEMORIA DE CANTIDADES'!H$513 -> 0 | F93: =D93*E93 -> #REF!
A94: 5.10 | B94: Construcción de muro en Bloque de arcilla No. 5 e=0.12m (12x20x30) | C94: M2 | D94: =#REF! -> #REF! | E94: 0 | F94: =D94*E94 -> #REF!
A95: 5.11 | B95: Construcción de Alfajía en concreto 3000 psi, e= 0.15x0.25 incluye acero de refuerzo de 60000 p.s.i (2ø3/8" refuerzo y e=ø1/4" c. 0,20 m) | C95: ML | D95: =#REF! -> #REF! | E95: ='MEMORIA DE CANTIDADES'!H$569 -> 0 | F95: =D95*E95 -> #REF!
A96: 5.12 | B96: Construcción de Alfajía en ladrillo a la vista | C96: ML | D96: =#REF! -> #REF! | E96: ='MEMORIA DE CANTIDADES'!H$575 -> 0 | F96: =D96*E96 -> #REF!
A97: 5.13 | B97: Construcción de Mesón en concreto 3.000psi, a=0.60m, e=0.10m, enchapado | C97: ML | D97: =#REF! -> #REF! | E97: ='MEMORIA DE CANTIDADES'!H$581 -> 0 | F97: =D97*E97 -> #REF!
A98: 5.14 | B98: Construcción de Mesón en concreto 0.60m, revestido granito | C98: ML | D98: =#REF! -> #REF! | E98: ='MEMORIA DE CANTIDADES'!H$587 -> 0 | F98: =D98*E98 -> #REF!
A99: 5.15 | B99: Construcción de Pedestal en concreto para luminaria | C99: UN | D99: =#REF! -> #REF! | E99: ='MEMORIA DE CANTIDADES'!H$593 -> 0 | F99: =D99*E99 -> #REF!
A100: 5.16 | B100: Construcción de Muro en calados de gres | C100: M2 | D100: =#REF! -> #REF! | E100: ='MEMORIA DE CANTIDADES'!H$599 -> 0 | F100: =D100*E100 -> #REF!
...

Sheet MEMORIA DE CANTIDADES
A1: =ROTULOS!A1 -> MANTENIMIENTO, MEJORAMIENTO Y ADECUACIÓN DE LA SEDE EDUCATIVA PRIMAVERA DEL MUNICIPIO DE SALADOBLANCO DEPARTAMENTO DEL HUILA
A2: =ROTULOS!A2 -> PRESUPUESTO DE OBRA
A3: PRESUPUESTO
A4: =ROTULOS!A4 -> 0
A5: ITEM | B5: ACTIVIDAD | C5: UNIDAD
A6: 1 | B6: PRELIMINARES
A7: 1.1 | B7: Localización y replanteo topográfico | C7: M2
A8: DESCRIPCION Y/O UBICACIÓN | C8: Largo (m) | D8: Ancho(m) | E8: Alto(m) | F8: Espesor Promedio(m) | G8: Cantidad | H8: Subtotal
A12: Total | H12: =SUM(H9:H11) -> 0
A13: 1.2 | B13: Localización y replanteo manual | C13: M2
A14: DESCRIPCION Y/O UBICACIÓN | C14: Largo (m) | D14: Ancho(m) | E14: Alto(m) | F14: Espesor Promedio(m) | G14: Cantidad | H14: Subtotal
A15: Aula Maxima | C15: 25 | D15: =(7.6+9.3)/2 -> 8.45 | G15: 1 | H15: =C15*D15*G15 -> 211.25
A18: Total | H18: =SUM(H15:H17) -> 211.25
A19: 1.3 | B19: Localización y replanteo polideportivos | C19: =+#REF! -> #REF!
A20: DESCRIPCION Y/O UBICACIÓN | C20: Largo (m) | D20: Ancho(m) | E20: Alto(m) | F20: Espesor Promedio(m) | G20: Cantidad | H20: Subtotal
A24: Total | H24: =SUM(H21:H23) -> 0
A25: 1.4 | B25: Descapote manual e=.20m incluye retiro | C25: M2
A26: DESCRIPCION Y/O UBICACIÓN | C26: Largo (m) | D26: Ancho(m) | E26: Alto(m) | F26: Espesor Promedio(m) | G26: Cantidad | H26: Subtotal
A27: Aula Maxima | C27: 25 | D27: =(7.6+9.3)/2 -> 8.45 | G27: 1 | H27: =C27*D27*G27 -> 211.25
A30: Total | H30: =SUM(H27:H29) -> 211.25
A31: 1.5 | B31: Instalación de Campamento 9 m2 | C31: UN
A32: DESCRIPCION Y/O UBICACIÓN | C32: Largo (m) | D32: Ancho(m) | E32: Alto(m) | F32: Espesor Promedio(m) | G32: Cantidad | H32: Subtotal
A36: Total | H36: =SUM(H33:H35) -> 0
A37: 1.6 | B37: Instalación de Cerca en tela verde h = 2.10 m | C37: ML
A38: DESCRIPCION Y/O UBICACIÓN | C38: Largo (m) | D38: Ancho(m) | E38: Alto(m) | F38: Espesor Promedio(m) | G38: Cantidad | H38: Subtotal
A42: Total | H42: =SUM(H39:H41) -> 0
A43: 2 | B43: DEMOLICIONES Y DESMONTE DE ELEMENTOS
A44: 2.1 | B44: Demolición baldosa de piso h=0.02 m | C44: M2
A45: DESCRIPCION Y/O UBICACIÓN | C45: Largo (m) | D45: Ancho(m) | E45: Alto(m) | F45: Espesor Promedio(m) | G45: Cantidad | H45: Subtotal
A49: Total | H49: =SUM(H46:H48) -> 0
A50: 2.2 | B50: Demolición enchape muro | C50: M2
A51: DESCRIPCION Y/O UBICACIÓN | C51: Largo (m) | D51: Ancho(m) | E51: Alto(m) | F51: Espesor Promedio(m) | G51: Cantidad | H51: Subtotal
A55: Total | H55: =SUM(H52:H54) -> 0
A56: 2.3 | B56: Demolición pañete muro | C56: M2
A57: DESCRIPCION Y/O UBICACIÓN | C57: Largo (m) | D57: Ancho(m) | E57: Alto(m) | F57: Espesor Promedio(m) | G57: Cantidad | H57: Subtotal
A61: Total | H61: =SUM(H58:H60) -> 0
A62: 2.4 | B62: Demolición cielo raso falso | C62: M2
A63: DESCRIPCION Y/O UBICACIÓN | C63: Largo (m) | D63: Ancho(m) | E63: Alto(m) | F63: Espesor Promedio(m) | G63: Cantidad | H63: Subtotal
A67: Total | H67: =SUM(H64:H66) -> 0
A68: 2.5 | B68: Demolición placa maciza 0.25 m | C68: M2
A69: DESCRIPCION Y/O UBICACIÓN | C69: Largo (m) | D69: Ancho(m) | E69: Alto(m) | F69: Espesor Promedio(m) | G69: Cantidad | H69: Subtotal
A73: Total | H73: =SUM(H70:H72) -> 0
A74: 2.6 | B74: Demolición placa piso 0.05 m | C74: M2
A75: DESCRIPCION Y/O UBICACIÓN | C75: Largo (m) | D75: Ancho(m) | E75: Alto(m) | F75: Espesor Promedio(m) | G75: Cantidad | H75: Subtotal
A79: Total | H79: =SUM(H76:H78) -> 0
A80: 2.7 | B80: Demolición placa piso 0.10 m | C80: M2
A81: DESCRIPCION Y/O UBICACIÓN | C81: Largo (m) | D81: Ancho(m) | E81: Alto(m) | F81: Espesor Promedio(m) | G81: Cantidad | H81: Subtotal
A85: Total | H85: =SUM(H82:H84) -> 0
A86: 2.8 | B86: Demolición vigas y columnas | C86: M3
A87: DESCRIPCION Y/O UBICACIÓN | C87: Largo (m) | D87: Ancho(m) | E87: Alto(m) | F87: Espesor Promedio(m) | G87: Cantidad | H87: Subtotal
A91: Total | H91: =SUM(H88:H90) -> 0
A92: 2.9 | B92: Descapote a máquina e=0.20 m | C92: M2
A93: DESCRIPCION Y/O UBICACIÓN | C93: Largo (m) | D93: Ancho(m) | E93: Alto(m) | F93: Espesor Promedio(m) | G93: Cantidad | H93: Subtotal
A97: Total | H97: =SUM(H94:H96) -> 0
A98: 2.10 | B98: Descapote manual y retiro e= 0.20 m apile a 15 m | C98: M2
A99: DESCRIPCION Y/O UBICACIÓN | C99: Largo (m) | D99: Ancho(m) | E99: Alto(m) | F99: Espesor Promedio(m) | G99: Cantidad | H99: Subtotal
A103: Total | H103: =SUM(H100:H102) -> 0
A104: 2.11 | B104: Desmonte aparatos sanitarios | C104: UN
A105: DESCRIPCION Y/O UBICACIÓN | C105: Largo (m) | D105: Ancho(m) | E105: Alto(m) | F105: Espesor Promedio(m) | G105: Cantidad | H105: Subtotal
A109: Total | H109: =SUM(H106:H108) -> 0
A110: 2.12 | B110: Desmonte de cubiertas (teja de barro) | C110: M2
A111: DESCRIPCION Y/O UBICACIÓN | C111: Largo (m) | D111: Ancho(m) | E111: Alto(m) | F111: Espesor Promedio(m) | G111: Cantidad | H111: Subtotal
A115: Total | H115: =SUM(H112:H114) -> 0
A116: 2.13 | B116: Desmonte de cubiertas (asbesto cemento) | C116: M2
A117: DESCRIPCION Y/O UBICACIÓN | C117: Largo (m) | D117: Ancho(m) | E117: Alto(m) | F117: Espesor Promedio(m) | G117: Cantidad | H117: Subtotal
A121: Total | H121: =SUM(H118:H120) -> 0
A122: 2.14 | B122: Desmonte de cubiertas (termoacústica) | C122: M2
A123: DESCRIPCION Y/O UBICACIÓN | C123: Largo (m) | D123: Ancho(m) | E123: Alto(m) | F123: Espesor Promedio(m) | G123: Cantidad | H123: Subtotal
A127: Total | H127: =SUM(H124:H126) -> 0
A128: 2.15 | B128: Desmonte de cubiertas (teja de zinc) | C128: M2
A129: DESCRIPCION Y/O UBICACIÓN | C129: Largo (m) | D129: Ancho(m) | E129: Alto(m) | F129: Espesor Promedio(m) | G129: Cantidad | H129: Subtotal
A133: Total | H133: =SUM(H130:H132) -> 0
A134: 2.16 | B134: Desmonte marcos y puertas | C134: UN
A135: DESCRIPCION Y/O UBICACIÓN | C135: Largo (m) | D135: Ancho(m) | E135: Alto(m) | F135: Espesor Promedio(m) | G135: Cantidad | H135: Subtotal
A136: Puertas de baños | G136: 3 | H136: =G136 -> 3
A139: Total | H139: =SUM(H136:H138) -> 3
A140: 2.17 | B140: Desmonte ventanas | C140: M2
A141: DESCRIPCION Y/O UBICACIÓN | C141: Largo (m) | D141: Ancho(m) | E141: Alto(m) | F141: Espesor Promedio(m) | G141: Cantidad | H141: Subtotal
A145: Total | H145: =SUM(H142:H144) -> 0
A146: 2.18 | B146: Demolición muros e-0.15m, con retiro | C146: M2
A147: DESCRIPCION Y/O UBICACIÓN | C147: Largo (m) | D147: Ancho(m) | E147: Alto(m) | F147: Espesor Promedio(m) | G147: Cantidad | H147: Subtotal
A148: Demolición para puerta del baño | D148: 1 | E148: 2 | G148: 1 | H148: =D148*E148*G148 -> 2
A151: Total | H151: =SUM(H148:H150) -> 2
A152: 2.19 | B152: Demolición muros e=0.25m, con retiro | C152: M2
A153: DESCRIPCION Y/O UBICACIÓN | C153: Largo (m) | D153: Ancho(m) | E153: Alto(m) | F153: Espesor Promedio(m) | G153: Cantidad | H153: Subtotal
A157: Total | H157: =SUM(H154:H156) -> 0
A158: 2.20 | B158: Demolición de enchape y revoque, con retiro | C158: M2
A159: DESCRIPCION Y/O UBICACIÓN | C159: Largo (m) | D159: Ancho(m) | E159: Alto(m) | F159: Espesor Promedio(m) | G159: Cantidad | H159: Subtotal
A163: Total | H163: =SUM(H160:H162) -> 0
A164: 2.21 | B164: Demolición placa de piso concreto e=0.10m, incluye retiro | C164: M2
A165: DESCRIPCION Y/O UBICACIÓN | C165: Largo (m) | D165: Ancho(m) | E165: Alto(m) | F165: Espesor Promedio(m) | G165: Cantidad | H165: Subtotal
A169: Total | H169: =SUM(H166:H168) -> 0
A170: 2.22 | B170: Demolición mecánica placa concreto e = .20m, incluye retiro | C170: M2
A171: DESCRIPCION Y/O UBICACIÓN | C171: Largo (m) | D171: Ancho(m) | E171: Alto(m) | F171: Espesor Promedio(m) | G171: Cantidad | H171: Subtotal
A175: Total | H175: =SUM(H172:H174) -> 0
A176: 2.23 | B176: Desmonte cubierta teja de asbesto c. Con estructura | C176: M2
A177: DESCRIPCION Y/O UBICACIÓN | C177: Largo (m) | D177: Ancho(m) | E177: Alto(m) | F177: Espesor Promedio(m) | G177: Cantidad | H177: Subtotal
A181: Total | H181: =SUM(H178:H180) -> 0
A182: 2.24 | B182: Retiro de escombros hasta 3km | C182: M3
A183: DESCRIPCION Y/O UBICACIÓN | C183: Largo (m) | D183: Ancho(m) | E183: Alto(m) | F183: Espesor Promedio(m) | G183: Cantidad | H183: Subtotal
...
